 Dungeon Crawl Stone Soup version 0.18-a0-1507-g69458e0 (webtiles) character file.

156 4thArraOfDagon the Chopper (level 5, -5/41 HPs)
             Began as a Mummy Chaos Knight on Mar 5, 2016.
             Slain by an ogre
             ... wielding a +0 giant club
              (16 damage)
             ... on level 4 of the Dungeon.
             The game lasted 00:06:49 (1502 turns).

4thArraOfDagon the Chopper (Mummy Chaos Knight)     Turns: 1502, Time: 00:06:49

Health: -5/41      AC:  9    Str: 20    XL:     5   Next: 14%
Magic:  5/5        EV: 11    Int: 12    God:    Xom [..*...]
Gold:   169        SH:  0    Dex: 11    Spells: 0 memorised, 4 levels left

rFire  x . .     SeeInvis .     g - +1 hand axe of the Swamp {drain, rN+ Str+4} (curse)
rCold  + . .     Gourm    .     b - +2 leather armour
rNeg   + + +     Faith    .     (no shield)
rPois  ∞         Spirit   .     f - +1 hat
rElec  .         Dismiss  .     l - +0 cloak
rCorr  .         Reflect  .     d - +1 pair of gloves
SustAt .         Harm     .     (no boots)
MR     .....                    (no amulet)
Stlth  +.........               (no ring)
                                h - +3 ring of slaying

@: drained, not resistant to hostile enchantments, very unstealthy
A: no food or potions, fire vulnerability, cold resistance 1, negative energy
resistance 3, torment resistance, unbreathing
a: Renounce Religion


You were on level 4 of the Dungeon.
You worshipped Xom.
You were a toy of Xom.
You were not hungry.

You visited 1 branch of the dungeon, and saw 4 of its levels.

You collected 169 gold pieces.

Inventory:

Hand Weapons
 a - a +0 hand axe of chaos
 g - the cursed +1 hand axe of the Swamp (weapon) {drain, rN+ Str+4}
   (You found it on level 4 of the Dungeon)

   A truly terrible weapon, it drains the life of those it strikes.
   It affects your strength (+4).
   It protects you from negative energy.
   It has a curse placed upon it.
 i - a +4 hand axe
Missiles
 e - 6 tomahawks (quivered)
Armour
 b - a +2 leather armour (worn)
 d - a +1 pair of gloves (worn)
 f - a +1 hat (worn)
 l - a +0 cloak (worn)
 n - a +0 plate armour
Jewellery
 h - a +3 ring of slaying (left hand)
Scrolls
 c - 3 scrolls of identify
 j - 2 scrolls of blinking
 m - a scroll of fog {unknown}
Books
 k - a Young Poisoner's Handbook

   Spells                             Type                      Level
   a - Sting                          Conjuration/Poison           1
   b - Cure Poison                    Poison                       2
   c - Mephitic Cloud                 Conjuration/Poison/Air       3
   d - Olgreb's Toxic Radiance        Poison                       4
   e - Venom Bolt                     Conjuration/Poison           5


   Skills:
 - Level 3.0(1.9) Fighting
 * Level 4.1(3.0) Axes
 + Level 2.2(1.2) Armour
 + Level 1.9(0.8) Dodging


You had 4 spell levels left.
You didn't know any spells.

Dungeon Overview and Level Annotations

Branches:
Dungeon (4/15)
 Temple: D:4-7

Altars:


Innate Abilities, Weirdness & Mutations

You do not eat or drink.
Your flesh is vulnerable to fire.
You are immune to poison.
Your flesh is cold resistant.
You are immune to negative energy.
You are immune to unholy pain and torment.
You can survive without breathing.


Message History

You slash the ogre! You drain the ogre!
The ogre is almost dead.
The ogre hits you with a giant club!
You barely miss the ogre.
The ogre is almost dead.
The ogre misses you.
Unknown command.
Unknown command.
You barely miss the ogre.
The ogre is almost dead.
The ogre hits you with a giant club.
* * * LOW HITPOINT WARNING * * *
The ogre closely misses you.
Unknown command.
Unknown command.
Unknown command.
You closely miss the ogre.
The ogre is almost dead.
The ogre hits you with a giant club!
You die...

...!..'...'............>.+
......#####..............#
####.## #.############## #..#
#.#
####.#####.#####################
#........†................#.....
#.........................#.#..#
#...........................#...
#............(O@...)......###.##
#.........................# #...
#..<......................# ###.
#.........................# #.
#.........................# #.
#.........................# #.
#.........................# #.
#.........................# #.
#.........................# #.


You could see an ogre.

Vanquished Creatures
  A hound (D:4)
  2 orc priests
  An orc wizard (D:3)
  A worm (D:3)
  An adder skeleton (D:4)
  2 giant geckos
  2 orcs (D:4)
  A bat zombie (D:3)
  3 hobgoblins
  A quokka (D:3)
  4 bats
  3 giant newts
  5 goblins
  3 kobolds
  A rat (D:1)
31 creatures vanquished.

Notes
Turn   | Place    | Note
--------------------------------------------------------------
     0 | D:1      | 4thArraOfDagon the Mummy Chaos Knight began the quest for the Orb.
     0 | D:1      | Reached XP level 1. HP: 18/18 MP: 1/1
    46 | D:1      | Reached skill level 1 in Dodging
   116 | D:1      | XOM is BORED!
   116 | D:1      | XOM: silly message
   149 | D:2      | Reached XP level 2. HP: 21/24 MP: 2/2
   239 | D:3      | XOM: noise
   244 | D:3      | XOM: harmless Erth miscast
   388 | D:3      | Reached skill level 3 in Axes
   631 | D:4      | XOM: divination: detect items
   639 | D:4      | XOM: divination: magic mapping
   713 | D:3      | Reached XP level 3. HP: 13/29 MP: 3/3
   751 | D:3      | XOM: harmless Divn miscast
   810 | D:2      | XOM: harmless Summ miscast
   923 | D:3      | XOM: divination: detect items
   927 | D:3      | XOM: divination: detect creatures
  1024 | D:3      | XOM: mild Hex miscast
  1112 | D:3      | XOM: enchant monster (good)
  1134 | D:3      | Reached XP level 4. HP: 20/35 MP: 4/4
  1247 | D:4      | XOM: smoke on damage
  1264 | D:4      | Noticed an ogre
  1265 | D:4      | XOM: noise
  1289 | D:4      | XOM: confuse monster(s)
  1291 | D:4      | Got a fine hand axe
  1295 | D:4      | Identified the cursed +1 hand axe of the Swamp {drain, rN+ Str+4} (You found it on level 4 of the Dungeon)
  1333 | D:4      | Reached skill level 4 in Axes
  1333 | D:4      | Reached XP level 5. HP: 15/41 MP: 5/5
  1481 | D:4      | XOM: enchant monster (good)
  1483 | D:4      | XOM: harmless Pois miscast
  1494 | D:4      | XOM: divination: detect creatures
  1502 | D:4      | Slain by an ogre

Vault maps used:
D:1:      dpeg_arrival_chase, serial_bayou_pond_a
D:2:      yredelemnul_forgotten_temple_becter, zin_scriptorium
D:3:      goddamned_bats

Skill      XL: |  1  2  3  4 |
---------------+-------------+-----
Dodging        | 1 |  1.9
Axes           | 3 4 |  4.1
Armour         | 2 |  2.2
Fighting       | |  3.0

Action                   |  1- 3 |  4- 6 || total
-------------------------+-------+-------++-------
Melee: Hand axe          |    91 |    33 ||   124
  Use: Scroll            |     3 |     1 ||     4
 Stab: Petrified         |       |     2 ||     2
